 Dungeon Crawl Stone Soup version 0.18-a0-241-g014938f (webtiles) character file.

85 Proton the Skirmisher (level 4, 0/40 HPs)
             Began as a Hill Orc Fighter on Nov 25, 2015.
             Slain by Grinder (1 damage)
             ... on level 2 of the Dungeon.
             The game lasted 00:05:31 (1720 turns).

Proton the Skirmisher (Hill Orc Fighter)            Turns: 1720, Time: 00:05:31

Health: 0/40       AC:  8    Str: 19    XL:     4   Next: 48%
Magic:  4/4        EV:  7    Int:  8    God:
Gold:   61         SH:  9    Dex: 10    Spells: 0 memorised, 3 levels left

rFire  . . .     SeeInvis .     a - +0 long sword
rCold  . . .     Clarity  .     b - +0 scale mail
rNeg   . . .     SustAt   .     c - +0 shield
rPois  .         Gourm    .     (no helmet)
rElec  .         Spirit   .     r - +0 cloak
rCorr  .         Warding  .     (no gloves)
rMut   .         Stasis   .     (no boots)
MR     .....                    (no amulet)
Stlth  ..........               (no ring)
                                (no ring)

@: not resistant to hostile enchantments, extremely unstealthy
A: no striking features
a: no special abilities


You were on level 2 of the Dungeon.
You were not hungry.

You visited 1 branch of the dungeon, and saw 3 of its levels.

You collected 61 gold pieces.

Inventory:

Hand Weapons
 a - a +0 long sword (weapon)
Armour
 b - a +0 scale mail (worn)
 c - a +0 shield (worn)
 r - a +0 cloak (worn)
Scrolls
 g - 2 scrolls of identify {unknown}
 i - 2 scrolls of noise {unknown}
 k - 3 scrolls of teleportation {unknown}
 o - a scroll of fog {unknown}
 p - 2 scrolls of remove curse {unknown}
 t - a scroll of immolation {unknown}
Potions
 d - a potion of might
 j - 4 potions of curing {unknown}
 l - a potion of flight {unknown}
 m - a potion of heal wounds {unknown}
 n - 2 potions of brilliance {unknown}
 s - a potion of poison {unknown}
Comestibles
 f - a slice of pizza
 h - a meat ration
 q - 3 fruits


   Skills:
 + Level 4.2 Fighting
 + Level 3.0 Long Blades
 + Level 3.7 Armour
 + Level 1.2 Dodging
 + Level 3.8 Shields


You had 3 spell levels left.
You didn't know any spells.

Dungeon Overview and Level Annotations

Branches:
Dungeon (3/15)

Altars:
The Shining One

Annotations:
D:2 Grinder


Message History

Grinder hits you.
* * * LOW HITPOINT WARNING * * *
You writhe in agony.
* * * LOW HITPOINT WARNING * * *
You hit Grinder.
Grinder is severely wounded.
You block Grinder's attack.
You hit Grinder.
Grinder is almost dead.
Grinder hits you.
* * * LOW HITPOINT WARNING * * *
You writhe in agony.
* * * LOW HITPOINT WARNING * * *
Grinder gestures at you. Pain shoots through your body!
* * * LOW HITPOINT WARNING * * *
You hit Grinder.
Grinder is almost dead.
Grinder hits you.
You die...

#.......##.##........#######..
####.......##+##.......##.......#
...'.......#.......)...##........
####.......#...........##........
#...#+##...............##........
....+...................##.....#.
....#.............##....####...#.
....#....#.......5##.............
....#....#......@)##.............
....##..###.......##.............
....#..##.##...[..##......####...
......##...##..............####..
#....#'.....##.............#.....
#...##.......##............#.....
..###...._....###....###...#.....
....##.......##.......####.).#...
.....##.....##........'..........


You could see Grinder.

Vanquished Creatures
  2 gnolls (D:2)
  3 adders (D:2)
  A worm (D:2)
  3 giant geckos
  A ball python (D:2)
  A giant cockroach (D:2)
  3 hobgoblins
  3 bats
  3 giant newts
  7 goblins
  5 kobolds
  6 rats
38 creatures vanquished.

Notes
Turn   | Place    | Note
--------------------------------------------------------------
     0 | D:1      | Proton the Hill Orc Fighter began the quest for the Orb.
     0 | D:1      | Reached XP level 1. HP: 19/19 MP: 1/1
   311 | D:1      | Reached XP level 2. HP: 26/26 MP: 2/2
   783 | D:2      | Reached skill level 1 in Dodging
   783 | D:2      | Reached XP level 3. HP: 29/33 MP: 3/3
   935 | D:2      | Found a glowing golden altar of the Shining One.
   960 | D:2      | Reached skill level 4 in Fighting
  1135 | D:2      | Reached XP level 4. HP: 33/40 MP: 4/4
  1502 | D:3      | Noticed Grinder
  1506 | D:3      | Paralysed by Grinder for 3 turns
  1688 | D:3      | Paralysed by Grinder for 2 turns
  1719 | D:2      | HP: 1/40 [Grinder/nerve-wracking pain (5)]
  1720 | D:2      | Slain by Grinder

Vault maps used:
D:1:      mainiacjoe_arrival_reflecting_pool, serial_park_tiny_pond
D:2:      tso_metal_star
D:3:      lemuel_coloured_pillars_altar, kennysheep_cross_room, uniq_grinder

Action                   |  1- 3 |  4- 6 || total
-------------------------+-------+-------++-------
Melee: Long sword        |   107 |    53 ||   160
  Eat: Fruit             |     1 |     1 ||     2
       Bread ration      |       |     1 ||     1
